Red Wings vs Flames

Created - 19 décembre 2017 at 19:16

Goals
1 2 3 T
Red Wings 0 2 0 2
Flames 0 3 1 4
Shots
1 2 3 T
Red Wings 3 10 17 30
Flames 10 23 6 39

1st period

No Goal

Penalties :
Anders Lee (CAL) for Delaying the game (Minor) at 0:51

2nd period

1. Red Wings , David Pastrnak 12 (Sam Gagner 10) at 5:04
2. Flames , Patrick Sharp 9 (David Perron 16) at 7:40
3. Flames , Michael Frolik 4 (Patrick Eaves 6, Brandon Manning 6) at 10:58
4. Flames , Patrick Sharp 10 (David Perron 17) at 11:25
5. Red Wings , Nick Bonino 8 (Jake DeBrusk 2, Tomas Tatar 9) at 13:41

Penalties :
Christian Djoos (DET) for Hooking (Minor) at 14:52

3rd period

6. Flames , Michael Frolik 5 (Victor Hedman 8) at 19:02

Penalties :
Dion Phaneuf (DET) for Roughing (Minor) at 14:29

Goalie Stats

Anders Nilsson (DET), 35 saves from 39 shots - (0,897), L, 3-5-0, 60:00 minutes
Carey Price (CAL), 28 saves from 30 shots - (0,933), W, 16-3-3, 60:00 minutes

Players Stats for Red Wings

Player Name              G  A  P  +/- PIM S  H  SB GA TA FO     MP     PP MP  PK MP  
------------------------------------------------------------------------------------
Ben Hutton               0  0  0   0  0   0  1  0  0  1  0/0    23:33   1:13   1:18 
Brandon Dubinsky         0  0  0  -1  0   3  0  1  0  0  8/12   19:18   0:54   1:38 
Cedric Paquette          0  0  0   0  0   0  2  0  0  1  0/0    10:25   0:00   2:13 
Christian Djoos          0  0  0  -1  2   2  0  1  1  1  0/0    14:30   0:46   0:37 
Connor Murphy            0  0  0  -1  0   1  0  2  0  0  0/0    20:22   0:00   2:40 
David Pastrnak           1  0  1  -1  0   3  1  0  2  0  0/0    17:17   1:05   0:08 
Dion Phaneuf             0  0  0   0  2   1  9  0  1  1  0/0    25:01   1:13   0:41 
Dylan DeMelo             0  0  0  -1  0   0  2  1  0  0  0/0    12:51   0:00   0:00 
Jake DeBrusk             0  1  1  -1  0   2  0  0  0  0  0/0    11:17   0:00   0:00 
John Tavares             0  0  0   0  0   3  0  1  0  0  14/26  19:06   1:05   0:00 
Joseph Blandisi          0  0  0  -1  0   0  4  0  2  1  0/0    11:17   0:00   0:00 
Lukas Sedlak             0  0  0   0  0   1  1  1  1  0  2/2     8:12   0:00   0:00 
Mark Scheifele           0  0  0   0  0   3  1  1  1  1  1/1    19:06   1:05   0:00 
Matt Nieto               0  0  0   0  0   1  0  0  0  0  0/0     9:14   0:00   1:02 
Nick Bonino              1  0  1  -1  0   2  0  0  0  0  4/11   13:31   0:00   2:14 
Oscar Lindberg           0  0  0   0  0   0  0  0  0  0  0/0     0:58   0:00   0:41 
Paul Martin              0  0  0  -1  0   4  1  0  0  0  0/0    23:46   0:46   2:40 
Sam Gagner               0  1  1  -1  0   1  1  0  1  0  1/1    17:09   0:54   0:00 
Tomas Tatar              0  1  1   0  0   3  3  0  1  0  1/2    19:07   0:54   0:00 

Players Stats for Flames

Player Name              G  A  P  +/- PIM S  H  SB GA TA FO     MP     PP MP  PK MP  
------------------------------------------------------------------------------------
Anders Lee               0  0  0   0  2   2  2  1  0  0  0/0    19:04   2:00   0:00 
Andrej Sustr             0  0  0   1  0   0  1  1  0  1  0/0    18:46   1:23   1:17 
Brad Richardson          0  0  0   3  0   0  0  0  0  2  3/10   14:40   0:00   1:07 
Brandon Manning          0  1  1   2  0   0  4  0  0  1  0/0    14:13   0:00   0:00 
David Perron             0  2  2   2  0   3  1  1  0  0  0/0    15:32   1:58   0:04 
David Savard             0  0  0  -1  0   0  2  2  0  0  0/0    23:39   1:23   1:17 
Drew Doughty             0  0  0  -1  0   1  4  4  0  2  0/0    27:01   2:35   0:42 
Jeff Carter              0  0  0   0  0   7  4  0  3  1  11/21  18:50   2:00   0:00 
Kevan Miller             0  0  0   2  0   2  1  0  0  0  0/0    15:10   0:00   0:42 
Michael Frolik           2  0  2   0  0   10 0  2  0  0  0/0    16:24   0:00   1:11 
Nick Bjugstad            0  0  0   0  0   1  2  0  0  0  0/0     8:45   0:00   0:00 
Patrick Eaves            0  1  1  -1  0   1  0  1  2  0  0/0    16:38   1:58   0:00 
Patrick Sharp            2  0  2   2  0   3  2  0  0  1  2/4    13:15   0:00   0:00 
Pavel Zacha              0  0  0   0  0   1  0  0  0  2  0/0     9:33   0:00   0:48 
Sam Reinhart             0  0  0   0  0   5  0  0  0  0  2/3    18:50   2:00   0:00 
Tanner Kero              0  0  0   1  0   0  0  0  0  0  0/2     9:51   0:00   0:48 
Victor Hedman            0  1  1   1  0   3  1  3  1  0  0/0    21:11   2:35   0:00 
Victor Rask              0  0  0  -1  0   0  0  0  0  0  6/15   16:38   1:58   0:00 

3 Stars

1 - Patrick Sharp (CAL)
2 - Michael Frolik (CAL)
3 - David Perron (CAL)

Power Play

Red Wings - 0 on 1 Attempt(s) - 0,00%
Flames - 0 on 2 Attempt(s) - 0,00%

Penalty Kill

Red Wings - 2 on 2 Attempt(s) - 100,00% - Score 0 goal in Penalty Kill
Flames - 1 on 1 Attempt(s) - 100,00% - Score 0 goal in Penalty Kill

Team Stat

Red Wings - Hits : 26 - Faceoff Wins : 31 - Blocked Shots : 8 - Penalty Minutes : 4
Flames - Hits : 24 - Faceoff Wins : 24 - Blocked Shots : 15 - Penalty Minutes : 2

Official

Referees : Tom Kowal and Brad Meier
Linesman : Trent Knorr and Greg Devorski

Game Notes

No Game Note

Finance

Level 1 -- Attendance: 4537 (75,62%) -- Ticket Income 453 700 $
Level 2 -- Attendance: 4891 (97,82%) -- Ticket Income 293 460 $
Level 3 -- Attendance: 1968 (98,40%) -- Ticket Income 68 880 $
Level 4 -- Attendance: 3659 (91,48%) -- Ticket Income 73 180 $
Luxury Box -- Attendance: 801 (80,10%) -- Ticket Income 160 200 $
Game was played at the Ghost Rider Center.
Total Attendance: 15856 (88,09%)
Total Ticket Income: 1 049 420 $
Other Income: 514 216 $
Total Income: 1 563 636 $

Red Wings

5 vs 5 Forward 
   Center                   Left Wing                Right Wing               Time % Phy DF OF 
 1 John Tavares             Tomas Tatar              Mark Scheifele           42     1   2  2  
 2 Brandon Dubinsky         Sam Gagner               David Pastrnak           32     1   2  2  
 3 Nick Bonino              Jake DeBrusk             Joseph Blandisi          18     1   2  2  
 4 Lukas Sedlak             Matt Nieto               Cedric Paquette          8      2   2  1  

5 vs 5 Defense 
   Defense                  Defense                                           Time % Phy DF OF 
 1 Ben Hutton               Dion Phaneuf                                      40     2   2  1  
 2 Paul Martin              Connor Murphy                                     30     2   2  1  
 3 Christian Djoos          Dylan DeMelo                                      20     2   2  1  
 4 Paul Martin              Dion Phaneuf                                      10     1   2  2  

PowerPlay Forward 
   Center                   Left Wing                Right Wing               Time % Phy DF OF 
 1 John Tavares             David Pastrnak           Mark Scheifele           60     1   1  3  
 2 Brandon Dubinsky         Sam Gagner               Tomas Tatar              40     1   1  3  

PowerPlay Defense
   Defense                  Defense                                           Time % Phy DF OF 
 1 Dion Phaneuf             Ben Hutton                                        60     1   1  3  
 2 Paul Martin              Christian Djoos                                   40     1   1  3  

Penalty Kill 4 Players Forward 
   Center                   Wing                     Time % Phy DF OF 
 1 Nick Bonino              Cedric Paquette          60     1   3  1  
 2 Brandon Dubinsky         Matt Nieto               40     1   3  1  

Penalty Kill 4 Players Defense
   Defense                  Defense                  Time % Phy DF OF 
 1 Connor Murphy            Paul Martin              60     1   3  1  
 2 Christian Djoos          Dion Phaneuf             40     1   3  1  

Penalty Kill - 3 Players Forward 
   Forward                                           Time % Phy DF OF 
 1 Nick Bonino                                       60     1   4  0  
 2 Brandon Dubinsky                                  40     1   4  0  

Penalty Kill - 3 Players Defense
   Defense                  Defense                  Time % Phy DF OF 
 1 Connor Murphy            Paul Martin              60     1   4  0  
 2 Christian Djoos          Dion Phaneuf             40     1   4  0  

4 vs 4 Forward 
   Center                   Wing                     Time % Phy DF OF 
 1 John Tavares             David Pastrnak           60     1   2  2  
 2 Nick Bonino              Mark Scheifele           40     1   2  2  

4 vs 4 Defense
   Defense                  Defense                  Time % Phy DF OF 
 1 Dion Phaneuf             Ben Hutton               60     1   2  2  
 2 Christian Djoos          Connor Murphy            40     1   2  2  

Last Minutes Offensive
   Center                   Left Wing                Right Wing               Defense                  Defense                  
   John Tavares             David Pastrnak           Mark Scheifele           Dion Phaneuf             Ben Hutton               

Last Minutes Defensive
   Center                   Left Wing                Right Wing               Defense                  Defense                  
   Nick Bonino              Brandon Dubinsky         Matt Nieto               Dion Phaneuf             Connor Murphy            

Goaltenders
Starting : Anders Nilsson           
Backup : James Reimer             

Extra Forwards
Normal : John Tavares, Jake DeBrusk, Oscar Lindberg - PP : John Tavares, Jake DeBrusk - PK : Oscar Lindberg
Extra Defensemen
Normal : Connor Murphy, Christian Djoos, Ben Hutton - PP : Connor Murphy - PK : Connor Murphy, Ben Hutton
Penalty Shots
Nick Bonino, John Tavares, David Pastrnak, Tomas Tatar, Mark Scheifele
Custom OT Lines Forwards
John Tavares, David Pastrnak, Mark Scheifele, Cedric Paquette, Brandon Dubinsky, Tomas Tatar, Nick Bonino, Matt Nieto, Jake DeBrusk, Joseph Blandisi
Custom OT Lines Defensemen
Ben Hutton, Dion Phaneuf, Dylan DeMelo, Connor Murphy, Christian Djoos

Scratches
Bryce Van Brabant (Healthy), John Carlson (Healthy), Michael Zalewski (Healthy), Ryan Johnston (Healthy)

Flames

5 vs 5 Forward 
   Center                   Left Wing                Right Wing               Time % Phy DF OF 
 1 Jeff Carter              Anders Lee               Sam Reinhart             35     0   1  4  
 2 Victor Rask              Michael Frolik           Patrick Eaves            31     0   2  3  
 3 Brad Richardson          David Perron             Patrick Sharp            27     0   2  3  
 4 Tanner Kero              Pavel Zacha              Nick Bjugstad            7      1   3  1  

5 vs 5 Defense 
   Defense                  Defense                                           Time % Phy DF OF 
 1 Drew Doughty             David Savard                                      38     0   3  2  
 2 Victor Hedman            Andrej Sustr                                      30     0   3  2  
 3 Kevan Miller             Brandon Manning                                   27     0   4  1  
 4 Drew Doughty             Victor Hedman                                     5      0   2  3  

PowerPlay Forward 
   Center                   Left Wing                Right Wing               Time % Phy DF OF 
 1 Jeff Carter              Anders Lee               Sam Reinhart             60     0   0  5  
 2 Victor Rask              David Perron             Patrick Eaves            40     0   0  5  

PowerPlay Defense
   Defense                  Defense                                           Time % Phy DF OF 
 1 Victor Hedman            Drew Doughty                                      65     0   1  4  
 2 Andrej Sustr             David Savard                                      35     0   1  4  

Penalty Kill 4 Players Forward 
   Center                   Wing                     Time % Phy DF OF 
 1 Brad Richardson          Michael Frolik           60     0   4  1  
 2 Tanner Kero              Pavel Zacha              40     0   4  1  

Penalty Kill 4 Players Defense
   Defense                  Defense                  Time % Phy DF OF 
 1 David Savard             Andrej Sustr             60     1   4  0  
 2 Kevan Miller             Drew Doughty             40     1   4  0  

Penalty Kill - 3 Players Forward 
   Forward                                           Time % Phy DF OF 
 1 Brad Richardson                                   60     0   5  0  
 2 Michael Frolik                                    40     0   5  0  

Penalty Kill - 3 Players Defense
   Defense                  Defense                  Time % Phy DF OF 
 1 Andrej Sustr             David Savard             60     0   5  0  
 2 Drew Doughty             Kevan Miller             40     0   5  0  

4 vs 4 Forward 
   Center                   Wing                     Time % Phy DF OF 
 1 Jeff Carter              Anders Lee               60     0   1  4  
 2 Sam Reinhart             Patrick Eaves            40     0   1  4  

4 vs 4 Defense
   Defense                  Defense                  Time % Phy DF OF 
 1 Drew Doughty             Victor Hedman            60     0   3  2  
 2 Andrej Sustr             David Savard             40     0   3  2  

Last Minutes Offensive
   Center                   Left Wing                Right Wing               Defense                  Defense                  
   Jeff Carter              Anders Lee               Sam Reinhart             Drew Doughty             Victor Hedman            

Last Minutes Defensive
   Center                   Left Wing                Right Wing               Defense                  Defense                  
   Brad Richardson          Tanner Kero              Michael Frolik           Andrej Sustr             David Savard             

Goaltenders
Starting : Carey Price              
Backup : Curtis McElhinney        

Extra Forwards
Normal : Jeff Carter, David Perron, Sam Reinhart - PP : Michael Frolik, Brad Richardson - PK : David Perron
Extra Defensemen
Normal : Drew Doughty, Victor Hedman, David Savard - PP : Andrej Sustr - PK : Brandon Manning, Victor Hedman
Penalty Shots
Nick Bjugstad, Sam Reinhart, David Perron, Patrick Sharp, Jeff Carter
Custom OT Lines Forwards
Jeff Carter, Anders Lee, Sam Reinhart, Michael Frolik, Patrick Eaves, David Perron, Victor Rask, Patrick Sharp, Brad Richardson, Nick Bjugstad
Custom OT Lines Defensemen
Drew Doughty, Victor Hedman, David Savard, Andrej Sustr, Kevan Miller

Scratches
Dennis Rasmussen (Healthy), Matt Bartkowski (Healthy)

% Time on Ice - Red Wings

Lines # - Real PCT - Wanted PCT - Time Play
Normal Forward
1 - 34% - 42% - 18:19
2 - 30% - 32% - 16:15
3 - 21% - 18% - 11:17
4 - 15% - 8% - 8:12
Normal Defense
1 - 39% - 40% - 21:20
2 - 30% - 30% - 16:25
3 - 23% - 20% - 12:29
4 - 7% - 10% - 3:49
PP Forward
1 - 55% - 60% - 1:05
2 - 45% - 40% - 0:54
PP Defense
1 - 61% - 60% - 1:13
2 - 39% - 40% - 0:46
PK Forward
1 - 74% - 60% - 2:56
2 - 26% - 40% - 1:02
PK Defense
1 - 67% - 60% - 2:40
2 - 33% - 40% - 1:18
PK3 Forward
1 - 0% - 60%
2 - 0% - 40%
PK3 Defense
1 - 0% - 60%
2 - 0% - 40%
44 Forward
1 - 0% - 60%
2 - 0% - 40%
44 Defense
1 - 0% - 60%
2 - 0% - 40%
Last Minute Offensive  - 0:00
Last Minute Defensive  - 0:00
Total
Forward - 60:00
Defense - 60:00

% Time on Ice - Flames

Lines # - Real PCT - Wanted PCT - Time Play
Normal Forward
1 - 32% - 35% - 17:05
2 - 27% - 31% - 14:40
3 - 25% - 27% - 13:15
4 - 16% - 7% - 8:45
Normal Defense
1 - 40% - 38% - 21:16
2 - 30% - 30% - 16:03
3 - 26% - 27% - 14:13
4 - 4% - 5% - 2:13
PP Forward
1 - 50% - 60% - 2:00
2 - 50% - 40% - 1:58
PP Defense
1 - 65% - 65% - 2:35
2 - 35% - 35% - 1:23
PK Forward
1 - 60% - 60% - 1:11
2 - 40% - 40% - 0:48
PK Defense
1 - 65% - 60% - 1:17
2 - 35% - 40% - 0:42
PK3 Forward
1 - 0% - 60%
2 - 0% - 40%
PK3 Defense
1 - 0% - 60%
2 - 0% - 40%
44 Forward
1 - 0% - 60%
2 - 0% - 40%
44 Defense
1 - 0% - 60%
2 - 0% - 40%
Last Minute Offensive  - 0:00
Last Minute Defensive  - 0:18
Total
Forward - 60:00
Defense - 60:00

Play by Play

1st period


0:01 of 1st period - Jeff Carter wins face-off versus John Tavares in neutral zone.
0:08 of 1st period - Snap shot by Jeff Carter.
0:08 of 1st period - Shot Misses the Net.
0:10 of 1st period - Slapshot by Sam Reinhart.
0:10 of 1st period - Stopped by Anders Nilsson without a rebound.
0:11 of 1st period - Victor Rask wins face-off versus Brandon Dubinsky in Red Wings zone.
0:12 of 1st period - Wrist shot by Michael Frolik.
0:12 of 1st period - Stopped by Anders Nilsson with a rebound.
0:14 of 1st period - Snap shot by Michael Frolik.
0:14 of 1st period - Stopped by Anders Nilsson with a rebound.
0:16 of 1st period - Wrist shot by Michael Frolik.
0:16 of 1st period - Shot Misses the Net.
0:18 of 1st period - Wrist shot by Michael Frolik.
0:18 of 1st period - Stopped by Anders Nilsson with a rebound.
0:38 of 1st period - Connor Murphy is hit by Patrick Sharp and loses puck.
0:44 of 1st period - Off-side.
0:45 of 1st period - Sam Reinhart wins face-off versus John Tavares in neutral zone.
0:51 of 1st period - Minor Penalty to Anders Lee for Delaying the game.
0:52 of 1st period - Brad Richardson wins face-off versus John Tavares in Flames zone.
1:26 of 1st period - Snap shot by Sam Gagner.
1:26 of 1st period - Shot Blocked by David Savard.
1:28 of 1st period - Snap shot by Brandon Dubinsky.
1:28 of 1st period - Stopped by Carey Price with a rebound.
1:30 of 1st period - Wrist shot by Sam Gagner.
1:30 of 1st period - Stopped by Carey Price without a rebound.
1:31 of 1st period - John Tavares wins face-off versus Brad Richardson in Flames zone.
1:38 of 1st period - Wrist shot by John Tavares.
1:38 of 1st period - Shot Blocked by Drew Doughty.
2:51 of 1st period - Penalty to Anders Lee is over, Anders Lee is back on ice.
2:57 of 1st period - Wrist shot by Michael Frolik.
2:57 of 1st period - Shot Misses the Net.
3:16 of 1st period - Jeff Carter is hit by Dion Phaneuf and loses puck.
4:38 of 1st period - David Savard is hit by Dion Phaneuf and loses puck.
5:10 of 1st period - Snap shot by Jeff Carter.
5:10 of 1st period - Stopped by Anders Nilsson without a rebound.
5:11 of 1st period - Brandon Dubinsky wins face-off versus Jeff Carter in Red Wings zone.
5:29 of 1st period - David Pastrnak is hit by Jeff Carter and loses puck.
6:14 of 1st period - Snap shot by Jeff Carter.
6:14 of 1st period - Shot Misses the Net.
6:20 of 1st period - Snap shot by Jeff Carter.
6:20 of 1st period - Shot Misses the Net.
6:22 of 1st period - Slapshot by Brandon Manning.
6:22 of 1st period - Deflect By Jeff Carter.
6:22 of 1st period - Stopped by Anders Nilsson with a rebound.
7:19 of 1st period - Snap shot by Anders Lee.
7:19 of 1st period - Stopped by Anders Nilsson without a rebound.
7:20 of 1st period - John Tavares wins face-off versus Victor Rask in Red Wings zone.
7:20 of 1st period - John Tavares is hit by Drew Doughty.
7:35 of 1st period - Slapshot by Mark Scheifele.
7:35 of 1st period - Shot Blocked by Michael Frolik.
7:37 of 1st period - Slapshot by Dion Phaneuf.
7:37 of 1st period - Shot Blocked by Michael Frolik.
9:42 of 1st period - Victor Rask is hit by Joseph Blandisi and loses puck.
9:55 of 1st period - Connor Murphy is hit by Nick Bjugstad and loses puck.
10:24 of 1st period - Kevan Miller is hit by Dylan DeMelo and loses puck.
11:29 of 1st period - Tanner Kero is hit by Dion Phaneuf and loses puck.
13:07 of 1st period - Kevan Miller is hit by Dion Phaneuf and loses puck.
13:30 of 1st period - David Savard is hit by Dion Phaneuf.
13:34 of 1st period - Snap shot by John Tavares.
13:34 of 1st period - Stopped by Carey Price with a rebound.
13:50 of 1st period - David Savard is hit by David Pastrnak.
14:38 of 1st period - Pavel Zacha is hit by Tomas Tatar and loses puck.
15:05 of 1st period - David Pastrnak is hit by Brandon Manning and loses puck.
15:29 of 1st period - Drew Doughty is hit by Lukas Sedlak and loses puck.
15:40 of 1st period - Christian Djoos is hit by David Savard and loses puck.
15:47 of 1st period - Jeff Carter is hit by Dion Phaneuf and loses puck.
16:09 of 1st period - Jeff Carter is hit by Mark Scheifele and loses puck.
16:42 of 1st period - Backhand shot by Kevan Miller.
16:42 of 1st period - Stopped by Anders Nilsson with a rebound.
16:58 of 1st period - Connor Murphy is hit by Kevan Miller and loses puck.
17:51 of 1st period - Slapshot by Nick Bjugstad.
17:51 of 1st period - Stopped by Anders Nilsson without a rebound.
17:52 of 1st period - Lukas Sedlak wins face-off versus Tanner Kero in Red Wings zone.
18:13 of 1st period - Kevan Miller is hit by Cedric Paquette and loses puck.
18:24 of 1st period - Wrist shot by Pavel Zacha.
18:24 of 1st period - Stopped by Anders Nilsson with a rebound.
18:32 of 1st period - Brandon Manning is hit by Dion Phaneuf and loses puck.
19:19 of 1st period - Slapshot by Christian Djoos.
19:19 of 1st period - Shot Blocked by Drew Doughty.
19:38 of 1st period - Andrej Sustr is hit by Dylan DeMelo and loses puck.
Goals for this period are 0 for Red Wings vs 0 for Flames.
Shots for this period are 3 for Red Wings vs 10 for Flames.

2nd period


0:01 of 2nd period - Victor Rask wins face-off versus John Tavares in neutral zone.
0:59 of 2nd period - Off-side.
1:00 of 2nd period - Nick Bonino wins face-off versus Jeff Carter in neutral zone.
1:03 of 2nd period - Snap shot by Jake DeBrusk.
1:03 of 2nd period - Stopped by Carey Price without a rebound.
1:04 of 2nd period - Victor Rask wins face-off versus John Tavares in Flames zone.
1:13 of 2nd period - Wrist shot by Victor Rask.
1:13 of 2nd period - Shot Misses the Net.
1:15 of 2nd period - Wrist shot by Michael Frolik.
1:15 of 2nd period - Stopped by Anders Nilsson with a rebound.
2:19 of 2nd period - Off-side.
2:20 of 2nd period - John Tavares wins face-off versus Victor Rask in neutral zone.
2:30 of 2nd period - Off-side.
2:31 of 2nd period - John Tavares wins face-off versus Victor Rask in neutral zone.
2:46 of 2nd period - Mark Scheifele is hit by Drew Doughty.
2:56 of 2nd period - Joseph Blandisi is hit by Patrick Sharp and loses puck.
3:40 of 2nd period - Brandon Dubinsky is hit by Anders Lee and loses puck.
3:56 of 2nd period - Off-side.
3:57 of 2nd period - Brad Richardson wins face-off versus John Tavares in neutral zone.
4:31 of 2nd period - Slapshot by Michael Frolik.
4:31 of 2nd period - Shot Blocked by Dylan DeMelo.
4:33 of 2nd period - Wrist shot by Kevan Miller.
4:33 of 2nd period - Stopped by Anders Nilsson without a rebound.
4:34 of 2nd period - Jeff Carter wins face-off versus John Tavares in Red Wings zone.
4:35 of 2nd period - Snap shot by Sam Reinhart.
4:35 of 2nd period - Stopped by Anders Nilsson with a rebound.
4:37 of 2nd period - Snap shot by Drew Doughty.
4:37 of 2nd period - Shot Misses the Net.
4:45 of 2nd period - Wrist shot by Jeff Carter.
4:45 of 2nd period - Stopped by Anders Nilsson with a rebound.
4:47 of 2nd period - Wrist shot by Jeff Carter.
4:47 of 2nd period - Shot Blocked by Christian Djoos.
4:49 of 2nd period - Slapshot by David Savard.
4:49 of 2nd period - Shot Misses the Net.
5:04 of 2nd period - Snap shot by David Pastrnak.
5:04 of 2nd period - Goal by David Pastrnak - Red Wings : 1 - Flames : 0.
5:05 of 2nd period - Victor Rask wins face-off versus John Tavares in neutral zone.
5:26 of 2nd period - David Savard is hit by Tomas Tatar and loses puck.
5:49 of 2nd period - Slapshot by Dion Phaneuf.
5:49 of 2nd period - Stopped by Carey Price with a rebound.
6:01 of 2nd period - Snap shot by Victor Rask.
6:01 of 2nd period - Shot Misses the Net.
6:26 of 2nd period - Wrist shot by Michael Frolik.
6:26 of 2nd period - Shot Misses the Net.
6:28 of 2nd period - Wrist shot by Patrick Eaves.
6:28 of 2nd period - Shot Misses the Net.
6:44 of 2nd period - Slapshot by Patrick Eaves.
6:44 of 2nd period - Stopped by Anders Nilsson with a rebound.
6:46 of 2nd period - Snap shot by Michael Frolik.
6:46 of 2nd period - Shot Blocked by Mark Scheifele.
6:48 of 2nd period - Snap shot by Patrick Eaves.
6:48 of 2nd period - Shot Misses the Net.
7:02 of 2nd period - Snap shot by Mark Scheifele.
7:02 of 2nd period - Deflect By Tomas Tatar.
7:02 of 2nd period - Stopped by Carey Price without a rebound.
7:03 of 2nd period - Brandon Dubinsky wins face-off versus Sam Reinhart in Flames zone.
7:16 of 2nd period - Jeff Carter is hit by Sam Gagner and loses puck.
7:29 of 2nd period - Joseph Blandisi is hit by Victor Hedman and loses puck.
7:34 of 2nd period - Wrist shot by David Perron.
7:34 of 2nd period - Stopped by Anders Nilsson without a rebound.
7:35 of 2nd period - Patrick Sharp wins face-off versus Nick Bonino in Red Wings zone.
7:40 of 2nd period - Wrist shot by Patrick Sharp.
7:40 of 2nd period - Goal by Patrick Sharp - Red Wings : 1 - Flames : 1.
7:41 of 2nd period - Jeff Carter wins face-off versus Brandon Dubinsky in neutral zone.
7:52 of 2nd period - Backhand shot by Anders Lee.
7:52 of 2nd period - Stopped by Anders Nilsson with a rebound.
7:54 of 2nd period - Backhand shot by Victor Hedman.
7:54 of 2nd period - Stopped by Anders Nilsson with a rebound.
7:56 of 2nd period - Snap shot by Anders Lee.
7:56 of 2nd period - Deflect By Jeff Carter.
7:56 of 2nd period - Stopped by Anders Nilsson without a rebound.
7:57 of 2nd period - Patrick Sharp wins face-off versus Nick Bonino in Red Wings zone.
8:04 of 2nd period - Snap shot by Patrick Sharp.
8:04 of 2nd period - Shot Misses the Net.
8:12 of 2nd period - Wrist shot by Nick Bonino.
8:12 of 2nd period - Stopped by Carey Price with a rebound.
8:51 of 2nd period - Slapshot by Paul Martin.
8:51 of 2nd period - Deflect By Lukas Sedlak.
8:51 of 2nd period - Stopped by Carey Price without a rebound.
8:52 of 2nd period - John Tavares wins face-off versus Patrick Sharp in Flames zone.
9:37 of 2nd period - Icing by Michael Frolik.
9:38 of 2nd period - Victor Rask wins face-off versus Nick Bonino in Flames zone.
10:07 of 2nd period - Snap shot by Michael Frolik.
10:07 of 2nd period - Stopped by Anders Nilsson with a rebound.
10:31 of 2nd period - Slapshot by Patrick Eaves.
10:31 of 2nd period - Shot Misses the Net.
10:37 of 2nd period - Sam Gagner is hit by Brandon Manning and loses puck.
10:54 of 2nd period - Snap shot by Patrick Eaves.
10:54 of 2nd period - Deflect By Michael Frolik.
10:54 of 2nd period - Stopped by Anders Nilsson with a rebound.
10:56 of 2nd period - Snap shot by Michael Frolik.
10:56 of 2nd period - Stopped by Anders Nilsson with a rebound.
10:58 of 2nd period - Slapshot by Michael Frolik.
10:58 of 2nd period - Goal by Michael Frolik - Red Wings : 1 - Flames : 2.
10:59 of 2nd period - John Tavares wins face-off versus Jeff Carter in neutral zone.
11:15 of 2nd period - Snap shot by Sam Reinhart.
11:15 of 2nd period - Stopped by Anders Nilsson with a rebound.
11:25 of 2nd period - Wrist shot by Patrick Sharp.
11:25 of 2nd period - Goal by Patrick Sharp - Red Wings : 1 - Flames : 3.
11:26 of 2nd period - John Tavares wins face-off versus Brad Richardson in neutral zone.
11:29 of 2nd period - Wrist shot by Mark Scheifele.
11:29 of 2nd period - Stopped by Carey Price with a rebound.
11:53 of 2nd period - Connor Murphy is hit by Jeff Carter and loses puck.
12:50 of 2nd period - Icing by Mark Scheifele.
12:51 of 2nd period - Brandon Dubinsky wins face-off versus Brad Richardson in Red Wings zone.
12:58 of 2nd period - David Pastrnak is hit by Brandon Manning and loses puck.
13:27 of 2nd period - Snap shot by Sam Reinhart.
13:27 of 2nd period - Deflect By Jeff Carter.
13:27 of 2nd period - Stopped by Anders Nilsson with a rebound.
13:39 of 2nd period - Wrist shot by Nick Bonino.
13:39 of 2nd period - Shot Blocked by Victor Hedman.
13:41 of 2nd period - Snap shot by Nick Bonino.
13:41 of 2nd period - Goal by Nick Bonino - Red Wings : 2 - Flames : 3.
13:42 of 2nd period - Jeff Carter wins face-off versus John Tavares in neutral zone.
13:45 of 2nd period - Snap shot by Victor Hedman.
13:45 of 2nd period - Stopped by Anders Nilsson without a rebound.
13:46 of 2nd period - John Tavares wins face-off versus Jeff Carter in Red Wings zone.
13:51 of 2nd period - Wrist shot by Sam Reinhart.
13:51 of 2nd period - Stopped by Anders Nilsson without a rebound.
13:52 of 2nd period - John Tavares wins face-off versus Jeff Carter in Red Wings zone.
14:11 of 2nd period - Slapshot by Anders Lee.
14:11 of 2nd period - Shot Blocked by Connor Murphy.
14:13 of 2nd period - Snap shot by Sam Reinhart.
14:13 of 2nd period - Stopped by Anders Nilsson without a rebound.
14:14 of 2nd period - Sam Gagner wins face-off versus Brad Richardson in Red Wings zone.
14:21 of 2nd period - Snap shot by Patrick Sharp.
14:21 of 2nd period - Shot Misses the Net.
14:23 of 2nd period - Wrist shot by Patrick Sharp.
14:23 of 2nd period - Stopped by Anders Nilsson with a rebound.
14:52 of 2nd period - Minor Penalty to Christian Djoos for Hooking.
14:53 of 2nd period - Jeff Carter wins face-off versus Nick Bonino in Red Wings zone.
15:07 of 2nd period - Wrist shot by Anders Lee.
15:07 of 2nd period - Shot Misses the Net.
15:52 of 2nd period - Wrist shot by Matt Nieto.
15:52 of 2nd period - Deflect By Anders Lee.
15:52 of 2nd period - Stopped by Carey Price without a rebound.
15:53 of 2nd period - Nick Bonino wins face-off versus Victor Rask in Flames zone.
16:52 of 2nd period - Penalty to Christian Djoos is over, Christian Djoos is back on ice.
17:05 of 2nd period - Slapshot by Paul Martin.
17:05 of 2nd period - Stopped by Carey Price with a rebound.
17:30 of 2nd period - Snap shot by Anders Lee.
17:30 of 2nd period - Shot Misses the Net.
17:42 of 2nd period - Snap shot by David Perron.
17:42 of 2nd period - Stopped by Anders Nilsson with a rebound.
17:44 of 2nd period - Wrist shot by David Perron.
17:44 of 2nd period - Stopped by Anders Nilsson without a rebound.
17:45 of 2nd period - John Tavares wins face-off versus Brad Richardson in Red Wings zone.
17:50 of 2nd period - Andrej Sustr is hit by Dion Phaneuf and loses puck.
18:11 of 2nd period - Andrej Sustr is hit by Joseph Blandisi and loses puck.
18:40 of 2nd period - Victor Rask is hit by Cedric Paquette and loses puck.
18:59 of 2nd period - Backhand shot by Victor Hedman.
18:59 of 2nd period - Shot Misses the Net.
Goals for this period are 2 for Red Wings vs 3 for Flames.
Shots for this period are 10 for Red Wings vs 23 for Flames.

3rd period


0:01 of 3rd period - Jeff Carter wins face-off versus Tomas Tatar in neutral zone.
0:08 of 3rd period - Wrist shot by Jeff Carter.
0:08 of 3rd period - Stopped by Anders Nilsson with a rebound.
0:26 of 3rd period - Patrick Sharp is hit by Ben Hutton and loses puck.
0:49 of 3rd period - Wrist shot by Nick Bonino.
0:49 of 3rd period - Deflect By Jake DeBrusk.
0:49 of 3rd period - Shot Blocked by David Savard.
0:49 of 3rd period - Puck is out of play.
0:50 of 3rd period - Victor Rask wins face-off versus Nick Bonino in Flames zone.
0:50 of 3rd period - Victor Rask is hit by Joseph Blandisi.
1:16 of 3rd period - John Tavares is hit by Anders Lee and loses puck.
2:15 of 3rd period - Sam Gagner is hit by Drew Doughty and loses puck.
2:45 of 3rd period - Wrist shot by David Pastrnak.
2:45 of 3rd period - Shot Misses the Net.
2:55 of 3rd period - Slapshot by David Pastrnak.
2:55 of 3rd period - Stopped by Carey Price without a rebound.
2:56 of 3rd period - John Tavares wins face-off versus Brad Richardson in Flames zone.
3:53 of 3rd period - Wrist shot by Jeff Carter.
3:53 of 3rd period - Shot Blocked by Lukas Sedlak.
4:38 of 3rd period - Slapshot by Victor Hedman.
4:38 of 3rd period - Stopped by Anders Nilsson with a rebound.
4:48 of 3rd period - Christian Djoos is hit by Nick Bjugstad.
4:52 of 3rd period - Snap shot by Pavel Zacha.
4:52 of 3rd period - Shot Misses the Net.
4:55 of 3rd period - Icing by Christian Djoos.
4:56 of 3rd period - Jeff Carter wins face-off versus John Tavares in Red Wings zone.
5:25 of 3rd period - Backhand shot by David Pastrnak.
5:25 of 3rd period - Shot Misses the Net.
6:25 of 3rd period - Off-side.
6:26 of 3rd period - Sam Reinhart wins face-off versus Brandon Dubinsky in neutral zone.
6:37 of 3rd period - Wrist shot by Jeff Carter.
6:37 of 3rd period - Deflect By Anders Lee.
6:37 of 3rd period - Shot Blocked by Brandon Dubinsky.
6:37 of 3rd period - Puck is out of play.
6:38 of 3rd period - Jeff Carter wins face-off versus Brandon Dubinsky in Red Wings zone.
7:29 of 3rd period - Wrist shot by Jeff Carter.
7:29 of 3rd period - Stopped by Anders Nilsson without a rebound.
7:30 of 3rd period - John Tavares wins face-off versus Patrick Sharp in Red Wings zone.
7:45 of 3rd period - Wrist shot by Mark Scheifele.
7:45 of 3rd period - Shot Blocked by David Perron.
8:02 of 3rd period - Slapshot by Brandon Dubinsky.
8:02 of 3rd period - Stopped by Carey Price without a rebound.
8:03 of 3rd period - Brandon Dubinsky wins face-off versus Victor Rask in Flames zone.
8:06 of 3rd period - Snap shot by Sam Gagner.
8:06 of 3rd period - Shot Misses the Net.
8:08 of 3rd period - Slapshot by Brandon Dubinsky.
8:08 of 3rd period - Deflect By Sam Gagner.
8:08 of 3rd period - Shot Misses the Net.
8:08 of 3rd period - Puck is out of play.
8:09 of 3rd period - Brandon Dubinsky wins face-off versus Jeff Carter in Flames zone.
8:22 of 3rd period - Wrist shot by David Pastrnak.
8:22 of 3rd period - Deflect By Sam Gagner.
8:22 of 3rd period - Shot Blocked by Anders Lee.
8:22 of 3rd period - Puck is out of play.
8:23 of 3rd period - Brad Richardson wins face-off versus John Tavares in Flames zone.
8:29 of 3rd period - Off-side.
8:30 of 3rd period - John Tavares wins face-off versus Brad Richardson in neutral zone.
8:39 of 3rd period - Snap shot by Tomas Tatar.
8:39 of 3rd period - Deflect By John Tavares.
8:39 of 3rd period - Stopped by Carey Price with a rebound.
8:41 of 3rd period - Slapshot by Dion Phaneuf.
8:41 of 3rd period - Shot Blocked by Drew Doughty.
8:51 of 3rd period - Slapshot by Tomas Tatar.
8:51 of 3rd period - Stopped by Carey Price with a rebound.
8:57 of 3rd period - Slapshot by Mark Scheifele.
8:57 of 3rd period - Shot Misses the Net.
8:59 of 3rd period - Snap shot by Mark Scheifele.
8:59 of 3rd period - Shot Misses the Net.
9:01 of 3rd period - Slapshot by Paul Martin.
9:01 of 3rd period - Shot Blocked by Drew Doughty.
9:03 of 3rd period - Snap shot by Paul Martin.
9:03 of 3rd period - Shot Blocked by Victor Hedman.
9:13 of 3rd period - Snap shot by Mark Scheifele.
9:13 of 3rd period - Shot Blocked by Victor Hedman.
9:17 of 3rd period - Snap shot by John Tavares.
9:17 of 3rd period - Shot Misses the Net.
9:19 of 3rd period - Snap shot by Paul Martin.
9:19 of 3rd period - Stopped by Carey Price without a rebound.
9:20 of 3rd period - Brandon Dubinsky wins face-off versus Jeff Carter in Flames zone.
9:45 of 3rd period - Christian Djoos is hit by Brandon Manning.
9:46 of 3rd period - Icing by Christian Djoos.
9:47 of 3rd period - Nick Bonino wins face-off versus Victor Rask in Red Wings zone.
10:12 of 3rd period - Sam Gagner is hit by Drew Doughty and loses puck.
10:57 of 3rd period - Off-side.
10:58 of 3rd period - Lukas Sedlak wins face-off versus Victor Rask in neutral zone.
11:14 of 3rd period - Snap shot by Victor Rask.
11:14 of 3rd period - Shot Blocked by Connor Murphy.
11:46 of 3rd period - Christian Djoos is hit by David Perron and loses puck.
12:04 of 3rd period - Off-side.
12:05 of 3rd period - Nick Bonino wins face-off versus Tanner Kero in neutral zone.
12:14 of 3rd period - Snap shot by Joseph Blandisi.
12:14 of 3rd period - Shot Misses the Net.
12:30 of 3rd period - Slapshot by David Pastrnak.
12:30 of 3rd period - Stopped by Carey Price without a rebound.
12:31 of 3rd period - Brandon Dubinsky wins face-off versus Jeff Carter in Flames zone.
12:57 of 3rd period - Sam Gagner is hit by Andrej Sustr and loses puck.
13:22 of 3rd period - Wrist shot by Michael Frolik.
13:22 of 3rd period - Stopped by Anders Nilsson with a rebound.
13:26 of 3rd period - Backhand shot by Michael Frolik.
13:26 of 3rd period - Shot Blocked by John Tavares.
13:28 of 3rd period - Slapshot by Drew Doughty.
13:28 of 3rd period - Stopped by Anders Nilsson without a rebound.
13:29 of 3rd period - John Tavares wins face-off versus Jeff Carter in Red Wings zone.
13:34 of 3rd period - David Savard is hit by Tomas Tatar and loses puck.
13:45 of 3rd period - Tomas Tatar is hit by David Savard.
13:55 of 3rd period - Michael Frolik is hit by Paul Martin and loses puck.
14:06 of 3rd period - Slapshot by Drew Doughty.
14:06 of 3rd period - Shot Misses the Net.
14:20 of 3rd period - Slapshot by Paul Martin.
14:20 of 3rd period - Deflect By Patrick Sharp.
14:20 of 3rd period - Stopped by Carey Price with a rebound.
14:22 of 3rd period - Wrist shot by Paul Martin.
14:22 of 3rd period - Stopped by Carey Price with a rebound.
14:24 of 3rd period - Slapshot by Connor Murphy.
14:24 of 3rd period - Stopped by Carey Price without a rebound.
14:25 of 3rd period - Jeff Carter wins face-off versus John Tavares in Flames zone.
14:29 of 3rd period - Minor Penalty to Dion Phaneuf for Roughing.
14:30 of 3rd period - Jeff Carter wins face-off versus Nick Bonino in Red Wings zone.
14:34 of 3rd period - Slapshot by Jeff Carter.
14:34 of 3rd period - Shot Hit the Post.
15:14 of 3rd period - Snap shot by Brandon Dubinsky.
15:14 of 3rd period - Stopped by Carey Price without a rebound.
15:15 of 3rd period - Brandon Dubinsky wins face-off versus Jeff Carter in Flames zone.
16:29 of 3rd period - Penalty to Dion Phaneuf is over, Dion Phaneuf is back on ice.
16:32 of 3rd period - Christian Djoos is hit by Jeff Carter and loses puck.
16:41 of 3rd period - Slapshot by Christian Djoos.
16:41 of 3rd period - Stopped by Carey Price with a rebound.
16:43 of 3rd period - Wrist shot by Ben Hutton.
16:43 of 3rd period - Shot Misses the Net.
16:45 of 3rd period - Slapshot by Christian Djoos.
16:45 of 3rd period - Stopped by Carey Price without a rebound.
16:46 of 3rd period - Tomas Tatar wins face-off versus Victor Rask in Flames zone.
16:47 of 3rd period - Wrist shot by Mark Scheifele.
16:47 of 3rd period - Stopped by Carey Price with a rebound.
17:14 of 3rd period - Brandon Dubinsky is hit by Jeff Carter and loses puck.
17:21 of 3rd period - Jeff Carter is hit by Dion Phaneuf and loses puck.
17:42 of 3rd period - Wrist shot by Jake DeBrusk.
17:42 of 3rd period - Stopped by Carey Price with a rebound.
17:59 of 3rd period - Wrist shot by Mark Scheifele.
17:59 of 3rd period - Shot Blocked by Patrick Eaves.
18:01 of 3rd period - Wrist shot by Tomas Tatar.
18:01 of 3rd period - Stopped by Carey Price without a rebound.
18:02 of 3rd period - Mark Scheifele wins face-off versus Victor Rask in Flames zone.
18:03 of 3rd period - Wrist shot by John Tavares.
18:03 of 3rd period - Stopped by Carey Price with a rebound.
18:15 of 3rd period - Wrist shot by Mark Scheifele.
18:15 of 3rd period - Shot Blocked by Andrej Sustr.
18:17 of 3rd period - Snap shot by Mark Scheifele.
18:17 of 3rd period - Stopped by Carey Price with a rebound.
18:29 of 3rd period - Victor Hedman is hit by Joseph Blandisi and loses puck.
19:02 of 3rd period - Snap shot by Michael Frolik.
19:02 of 3rd period - Goal by Michael Frolik - Red Wings : 2 - Flames : 4.
19:03 of 3rd period - Jeff Carter wins face-off versus Nick Bonino in neutral zone.
19:18 of 3rd period - Snap shot by Joseph Blandisi.
19:18 of 3rd period - Shot Misses the Net.
Goals for this period are 0 for Red Wings vs 1 for Flames.
Shots for this period are 17 for Red Wings vs 6 for Flames.